[Event "31st Kavala Open-A 2022"]
[Site "Kavala"]
[Date "2022.07.28"]
[Round "4.12"]
[White "Pijpers, Arthur"]
[Black "Kazantzoglou, Stefanos"]
[Result "1-0"]
[ECO "C78"]
[WhiteElo "2458"]
[BlackElo "1676"]
[Annotator "TA"]
[PlyCount "103"]
[EventDate "2022.07.27"]
[EventType "swiss"]
[EventCountry "GRE"]
[SourceTitle "playchess.com"]
[Source "ChessBase"]
[SourceQuality "1"]
[TimeControl "40/5400+30:1800+30"]

1. e4 e5 2. Nf3 Nc6 3. Bb5 a6 4. Ba4 Nf6 5. O-O b5 6. Bb3 Bc5 7. a4 Bb7 8. c3 d6 9. d4 Bb6 10. Re1 O-O 11. Bg5 h6 12. Bh4 Re8 13. axb5 axb5 14. Rxa8 Bxa8 15. d5 {[%emt 0:00:44] C78: Ruy Lopez: Archangelsk and Möller Defences.} Nb8 (15... g5 $14) 16. Bxf6 $16 Qxf6 17. Na3 {[%emt 0:00:05] [#] White is better.} g5 $146 ({Predecessor:} 17... Nd7 18. Nxb5 Nf8 19. Na3 Rb8 20. Nc4 Bc5 21. Ba4 Ng6 22. b4 Ba7 23. Bc6 Bxc6 24. dxc6 {1-0 (111) Alekseenko,K (2637)-Pogonina,N (2465) Caleta 2019}) 18. Qe2 (18. Nxb5 g4 19. Nfd4 exd4 20. Qxg4+ Kh8 21. Nxd4 Bb7 $17) 18... c6 19. Nd2 Na6 20. dxc6 Bxc6 21. Rf1 Nc7 22. Nc2 Bc5 23. Ne3 Rb8 24. Qh5 (24. Nd5 $14 Bxd5 25. exd5) 24... Bd7 $11 25. h4 b4 26. Bc4 bxc3 ({Black should play} 26... gxh4 $15 27. Nf3 bxc3 28. bxc3 h3) 27. bxc3 Rb2 28. hxg5 hxg5 29. Nf3 Be6 {[%emt 0:04:54] [#]} (29... Kg7 $11 {keeps the balance.}) 30. Bxe6 $1 $40 {[%emt 0:02:45][%mdl 128] White goes for the king.} ({Of course not} 30. Nxg5 Bxc4 31. Nh7 (31. Nxc4 $2 Rxf2 32. Rxf2 Qxf2+ 33. Kh2 Qg1+ 34. Kg3 Qe1+ 35. Kh2 Bg1+ 36. Kh3 Qxc3+ 37. Nf3 Qxc4 $19) 31... Qg6 32. Qxg6+ fxg6 $15) ({Weaker is} 30. Qxg5+ Qxg5 31. Nxg5 Bxc4 32. Nxc4 Rc2 $15) 30... Nxe6 (30... Bxe3 $16 31. Bf5 Bb6) 31. Nd5 $18 Qg7 32. Ra1 Rb8 {[%emt 0:03:27] Prevents Ra8.} (32... Bxf2+ $2 33. Kf1 Rb8 34. Kxf2 $18) 33. Ne7+ {[%emt 0:01:17] Pair of Knights!} Kf8 34. Nf5 Qf6 35. g3 {[%emt 0:01:10] Against Nf4} (35. Nh2 $142 {aiming for Ng4.} Qg6 36. Qh3) 35... Ke8 {[%emt 0:01:42] [#]} 36. Nh2 $1 {[%emt 0:01:17] Threatens to win with Ng4.} Kd7 37. Qd1 {[%emt 0:01:07] And now Ng4 would win.} Qh8 $2 (37... Nc7 38. Ng4 Qe6) 38. Kg2 (38. Ng4 $142) 38... Ra8 {[%emt 0:03:50] Prevents Ra7+.} 39. Rb1 Ra2 (39... Rb8 {is a better defense.} 40. Rxb8 Qxb8) 40. Ng4 {[%emt 0:00:00] Chess con chili.} Qa8 {[%emt 0:00:00] Against Rb7+} 41. Qd3 Kc7 42. Ne7 {[%emt 0:00:31] Nd5+ is the strong threat.} Kd7 $2 (42... Qa4 {was called for.} 43. Nd5+ Kc8) 43. Nd5 {[%emt 0:00:38] Strongly threatening Qb5+.} Nc7 {[%emt 0:11:43] Inhibits Qb5+.} 44. Nxc7 (44. Nb6+ $18 Bxb6 45. Rxb6) 44... Kxc7 $16 45. Qc4 Kc8 $2 (45... Kd8 $16) 46. Rh1 $18 {[%emt 0:00:25] Threatening mate with Rh8+.} Qa4 47. Rh8+ Kc7 48. Qxf7+ Kc6 49. Qd5+ Kc7 50. Rh7+ Kb6 51. Qb7+ Ka5 52. Rh8 {[%emt 0:00:17] Weighted Error Value: White=0.32/Black=0.58} 1-0

[Event "31st Kavala Open-A 2022"]
[Site "Kavala"]
[Date "2022.07.28"]
[Round "4.13"]
[White "Charkhalashvili, Inga"]
[Black "Zawadzka, Jolanta"]
[Result "1-0"]
[ECO "D02"]
[WhiteElo "2276"]
[BlackElo "2416"]
[Annotator "TA"]
[PlyCount "113"]
[EventDate "2022.07.27"]
[EventType "swiss"]
[EventCountry "GRE"]
[SourceTitle "playchess.com"]
[Source "ChessBase"]
[SourceQuality "1"]
[TimeControl "40/5400+30:1800+30"]

1. d4 d5 2. Nf3 Nf6 3. Bf4 c5 4. e3 Nc6 5. c3 Qb6 6. Qb3 c4 7. Qc2 $1 {[%emt 0:03:16] 7.Qc2 is better than 7.Qxb6.} Bf5 8. Qc1 e6 9. Be2 {[%emt 0:00:10] D02: 1 d4 d5 2 Nf3 sidelines, including 2...Nf6 3 g3 and 2...Nf6 3 Bf4.} h6 10. Nbd2 Be7 11. O-O {[%emt 0:02:00] The position is equal.} O-O 12. b3 cxb3 13. axb3 Nh5 {[%emt 0:04:52] [#]} 14. Be5 $146 ({Predecessor:} 14. Bg3 Nxg3 15. hxg3 Rfc8 16. Qb2 Bf6 17. b4 Bh7 18. Ra3 Rc7 19. Rfa1 Rac8 20. Bf1 {0-1 (81) Marcos,M (2147)-Illingworth,M (2458) Abu Dhabi 2016}) 14... f6 15. Bg3 Nxg3 16. hxg3 Rfc8 17. Qb2 a5 18. Ra4 Bg6 19. Rfa1 Qc7 20. Nb1 Nd8 21. Nfd2 Be8 22. R4a2 b5 23. b4 a4 24. Nb3 Bd6 25. Nc5 Qb6 26. Nd2 Bb8 (26... e5 $11) 27. Bf3 (27. e4 $14) 27... Ra7 $11 28. Qb1 Re7 ({Better is} 28... Nf7 $11) 29. Qd3 (29. e4 $1 $14) 29... Qd6 (29... Nf7 $15) 30. e4 $1 {[%emt 0:02:32] Hoping for exd5.} Nf7 $1 31. exd5 exd5 32. Bh5 Qc6 33. Bxf7+ (33. Bg4 $5 ) 33... Bxf7 34. Nf3 (34. Nb1 $11) 34... Qe8 35. Nh4 g6 {[%emt 0:02:48][%cal Bg7g6,Bg6g5,Bg5g4][%mdl 32] Prevents Nf5.} 36. Nf3 Kg7 (36... g5 $1 $17) 37. Nd2 (37. Kf1 $15) 37... g5 $17 38. Qf3 h5 39. Nf1 g4 40. Qd1 Bg6 41. Qd2 Rd8 42. Rc1 Qc6 (42... Bd6 $17) 43. Re1 $11 Rde8 44. Re3 Kf7 45. Ra1 Rxe3 46. Nxe3 Qd6 47. Qa2 Rxe3 48. fxe3 Qxg3 (48... Kg7 $11 {keeps the balance.}) 49. Qxd5+ $16 Kg7 $2 {[%emt 0:00:04][%mdl 8192] [#]} (49... Kf8 $16) 50. Kf1 $2 ({Only move:} 50. Ne6+ $1 $18 Kh6 51. Qd7 Qh2+ 52. Kf1 (52. Kf2 $2 Bg3+ 53. Ke2 Qxg2+ 54. Kd1 Qc2#) 52... Bd3+ 53. Ke1) 50... Qxe3 $11 {[%emt 0:04:31] ( -> ...Bg3)} 51. Re1 $1 $36 {[%emt 0:04:06][%mdl 2048] White has some pressure.} (51. Qb7+ Kh6 52. Re1 (52. Qxb8 g3 $17) 52... Bd3+ 53. Nxd3 Qxd3+ 54. Kg1 Qxc3 $15) 51... Qf4+ 52. Ke2 Qg3 53. Rf1 {[%emt 0:04:06] Strongly threatening Qb7+. Dancing on a razor blade.} Bd6 {[%emt 0:06:20] Threatens to win with ...Bxc5. A strong pair of Bishops.} 54. Qb7+ Kh6 {[%emt 0:00:53] aiming for ...Bxc5.} 55. Rxf6 {[%emt 0:01:40] Qe4 is the strong threat. Active counter play!} Kg5 $2 {[%emt 0:01:46][%mdl 8192] [#]} (55... Bxc5 56. Qe4) (55... Qxc3 $11 56. Qe4 (56. Rxd6 Qb2+ 57. Kf1 Qc1+ 58. Ke2 Qb2+ 59. Kf1 Qc1+ 60. Ke2 Qb2+ $11) 56... Qb2+ 57. Kf1 (57. Kd1 Qa1+ 58. Ke2 Qb2+ 59. Kf1 Qa1+ 60. Kf2 Qb2+ 61. Kf1 Qa1+ 62. Kf2 Qb2+ 63. Kf1 $11) 57... Qa1+ 58. Kf2 (58. Ke2 Qb2+ 59. Kf1 Qc1+ 60. Ke2 Qb2+ $11) 58... Qb2+ 59. Kf1 Qa1+ 60. Kf2 (60. Ke2 Qb2+ 61. Kf1 $11) 60... Qb2+ 61. Kf1) 56. Re6 $1 $18 {[%emt 0:01:39] Intending Ne4+ and mate.} Bf5 57. Qg7+ {[%emt 0:00:32] Weighted Error Value: White=0.33/Black=0.37} 1-0

[Event "31st Kavala Open-A 2022"]
[Site "Kavala"]
[Date "2022.07.28"]
[Round "4.14"]
[White "Markidis, Konstantinos"]
[Black "Celik, Hasan Huseyin"]
[Result "1-0"]
[ECO "B42"]
[WhiteElo "2259"]
[BlackElo "2363"]
[Annotator "TA"]
[PlyCount "55"]
[EventDate "2022.07.27"]
[EventType "swiss"]
[EventCountry "GRE"]
[SourceTitle "playchess.com"]
[Source "ChessBase"]
[SourceQuality "1"]
[TimeControl "40/5400+30:1800+30"]

1. e4 c5 2. Nf3 e6 3. d4 cxd4 4. Nxd4 a6 5. Bd3 Nf6 6. Qe2 d6 7. O-O Qc7 8. c4 Nbd7 {[%emt 0:03:12] is recently more successful than 8...g6.} 9. b3 Be7 {[%emt 0:00:00] B42: Sicilian: Kan Variation: 5 Bd3.} 10. Bb2 b6 11. Nc3 Bb7 {[%emt 0:01:45] White is slightly better.} 12. Rae1 O-O 13. Kh1 {[%emt 0:22:27] has lost popularity (13.f4).} Rfd8 (13... Rfe8 $11) 14. f4 $16 Rac8 15. Bb1 {[%emt 0:11:16] White is more active.} Nc5 16. f5 {[%emt 0:09:16] And now fxe6 would win.} e5 17. Nf3 {[%emt 0:10:57] [#]} Qc6 $146 (17... b5 $11 {remains equal.}) ({Predecessor:} 17... Bc6 18. Nd2 Qb7 19. a4 Rc7 20. Bc2 Be8 21. b4 Ncd7 22. g4 d5 23. g5 Nxe4 24. Ncxe4 dxc4 {1-0 (41) Peters,M-Terhorst,J (2220) Germany 1991}) 18. Nd5 (18. g4 {looks sharper.} Nxg4 19. Nd4 Qe8 20. Qxg4 exd4 21. Nd5) 18... Nxd5 (18... Re8 $16) 19. exd5 $18 Qc7 {[%emt 0:06:17][%mdl 8192] [#] This costs Black the game.} (19... Qe8 $16 {is more resistant.}) 20. Nxe5 $1 dxe5 (20... f6 {might work better.}) 21. Bxe5 Rd6 {[%emt 0:04:40] [#] Inhibits f6.} (21... Qxe5 $142 22. Qxe5 Bf6) 22. f6 $1 ({Less strong is} 22. Bxd6 Bxd6 23. f6 g6 $14) 22... Bxf6 23. Bxf6 gxf6 24. Qg4+ {[%emt 0:00:39][%mdl 64] Deflection} Kf8 25. Bxh7 Ne6 26. dxe6 {[%emt 0:02:08] Qg8+ would kill now.} Rxe6 27. Rxe6 fxe6 28. Rxf6+ {[%emt 0:00:14] Weighted Error Value: White=0.33/Black=1.32} 1-0

[Event "31st Kavala Open-A 2022"]
[Site "Kavala"]
[Date "2022.07.28"]
[Round "4.15"]
[White "Ladopoulos, Dimitrios"]
[Black "Rahmanidis, Petros"]
[Result "1-0"]
[ECO "B57"]
[WhiteElo "2335"]
[BlackElo "2191"]
[Annotator "TA"]
[PlyCount "61"]
[EventDate "2022.07.27"]
[EventType "swiss"]
[EventCountry "GRE"]
[SourceTitle "playchess.com"]
[Source "ChessBase"]
[SourceQuality "1"]
[TimeControl "40/5400+30:1800+30"]

1. e4 c5 2. Nf3 d6 3. d4 cxd4 4. Nxd4 Nf6 5. Nc3 Nc6 6. Bc4 Qb6 7. Nb3 e6 8. Be3 Qc7 9. Be2 a6 {[%emt 0:04:46] B57: Classical Sicilian: Sozin with 6...Qb6.} 10. a4 b6 $1 11. f4 Be7 {[%emt 0:04:08] The position is equal.} 12. g4 (12. O-O $11) 12... Bb7 ({Black should play} 12... d5 $1 $15) 13. Bf3 {[%emt 0:01:10] [#]} (13. g5 $11 Nd7 14. O-O) 13... Nd7 $146 (13... d5 $1 $17 {[%cal Rd5e4] ...dxe4 is the strong threat.} 14. exd5 Nb4) ({Predecessor:} 13... Nb4 14. g5 Nd7 15. h4 h6 16. Kf2 hxg5 17. hxg5 Rxh1 18. Bxh1 O-O-O 19. Qh5 g6 {0-1 (28) Baagadde,D (2030)-Emojong,E (2211) Kampala 2013}) 14. Qe2 Nc5 15. g5 Rd8 16. Rc1 (16. O-O $11 {should be considered.}) 16... O-O 17. O-O Rfe8 18. h4 Bf8 19. h5 d5 20. exd5 exd5 21. Nxd5 Nd4 {[%emt 0:05:10] [#]} 22. Bxd4 Rxd5 (22... Bxd5 23. Be5) 23. Qxe8 $18 Rxg5+ {[%emt 0:02:01] [#]} 24. Kf2 $1 ({And not} 24. fxg5 Qg3+ 25. Kh1 Bxf3+ 26. Rxf3 Qxf3+ 27. Kg1 Nxb3 28. cxb3 Qg3+ 29. Kf1 Qf4+ 30. Ke2 Qxc1 $11) 24... Qxf4 25. Qe3 Ne4+ 26. Ke2 Ng3+ 27. Kd2 Nxf1+ 28. Rxf1 {[%emt 0:00:01] Really sharp!} Qf5 {[%emt 0:00:25] [#]} (28... Bd6 29. Be2 Qxe3+ 30. Bxe3 Rd5+ 31. Nd4 Be5) 29. Bxb7 $1 {[%emt 0:00:20] White is clearly winning.} Qxf1 30. Qxg5 h6 31. Qe5 {[%emt 0:00:29] Weighted Error Value: White=0.19 (very precise) /Black=0.51} 1-0

[Event "31st Kavala Open-A 2022"]
[Site "Kavala"]
[Date "2022.07.28"]
[Round "4.16"]
[White "Magalakis, Stefanos"]
[Black "Koutlas, Nikolaos"]
[Result "0-1"]
[ECO "D35"]
[WhiteElo "2181"]
[BlackElo "2314"]
[Annotator "TA"]
[PlyCount "122"]
[EventDate "2022.07.27"]
[EventType "swiss"]
[EventCountry "GRE"]
[SourceTitle "playchess.com"]
[Source "ChessBase"]
[SourceQuality "1"]
[TimeControl "40/5400+30:1800+30"]

1. d4 d5 2. c4 e6 3. Nf3 Nf6 4. cxd5 exd5 5. Nc3 c6 6. Qc2 Bd6 7. Bg5 O-O 8. e3 Re8 9. Bd3 h6 10. Bh4 a5 {[%emt 0:00:29] D35: Queen's Gambit Declined: Exchange Variation.} 11. O-O Na6 (11... Bg4 $11 {is more appropriate.}) 12. a3 $14 Nc7 {[%emt 0:01:18] White is slightly better.} 13. Rab1 {[%emt 0:07:12] [#]} Bd7 $146 ({Predecessor:} 13... Bg4 14. Nd2 Bd7 15. Bg3 Bxg3 {½-½ (15) Matsuura,E (2433)-Santiago,Y (2486) Florianopolis 2020}) 14. e4 dxe4 15. Nxe4 Be7 {[%emt 0:02:18] ...Nxe4 is the strong threat.} 16. Bxf6 Bxf6 17. Nd6 Re7 18. Nxb7 {[%emt 0:05:45] Pair of Knights!} Qb8 19. Nd6 Ne6 20. Nf5 Re8 21. Rfe1 Qf4 22. Qc1 $2 (22. Rbd1 $14 {stays ahead.}) 22... g6 (22... Qxc1 $1 $17 23. Rbxc1 Nf4) 23. Nxh6+ Kg7 24. Nxf7 Kxf7 25. Qc2 Nf8 26. Be4 (26. Qc3 $1 $11) 26... Kg7 $15 27. Rbc1 Re6 28. g3 Qd6 29. Ne5 Bxe5 30. dxe5 Rxe5 (30... Qxe5 $6 31. Bxg6 Qf6 32. Be4 $11) 31. Red1 Qf6 32. Bg2 Rae8 33. Qc3 Bg4 ({Black should play} 33... Rf5 $17 34. Qxf6+ Rxf6) 34. Rd4 Bf5 35. h4 {[%emt 0:00:41] Black continues to play with concentration.} ({Better is} 35. b4 $15) 35... c5 $19 36. Rc4 {[%emt 0:00:37] [#]} (36. Rdd1 $142) 36... Re1+ $3 37. Rxe1 Qxc3 {[%emt 0:00:06][%mdl 64] Remove Defender} 38. bxc3 (38. Rxc3 $142 Rxe1+ 39. Kh2) 38... Rxe1+ 39. Kh2 Nd7 40. Bc6 $2 (40. Ra4) 40... Be6 41. Ra4 Ne5 42. Bb7 Rc1 43. Rxa5 Rxc3 {[%emt 0:00:35] Threatens to win with ...Ng4+.} 44. Be4 Bf5 {[%emt 0:04:30] White must now prevent ...Ng4+.} 45. Ra7+ Kh6 46. Bxf5 gxf5 {[%emt 0:00:04][%mdl 4096] Endgame KRN-KR} 47. Kg2 Ng4 {[%emt 0:03:00] Hoping for ...Rc2.} 48. Rc7 Rc2 49. a4 Nxf2 {[%emt 0:01:28] aiming for ...Kh5.} 50. a5 Nd1+ 51. Kf1 Ne3+ 52. Ke1 Kh5 {[%emt 0:00:54] ( -> ...Kg4)} 53. Re7 Nc4 (53... Nd5 54. Re2 Rc1+ 55. Kd2 $17) 54. a6 Kg4 $2 (54... Ra2 $19 55. a7 Nd6) 55. Kd1 $2 (55. a7 $17 Ra2 56. Rg7+ Kf3 57. Kd1) 55... Ra2 $1 56. a7 Nd6 57. Rg7+ {[%emt 0:00:38] [#]} Kh5 $1 ({Not} 57... Kf3 58. h5 $11) 58. Rh7+ $2 {[%emt 0:00:40] [#]} (58. Kc1) 58... Kg6 $1 ({Inferior is} 58... Kg4 59. Rg7+ Kh5 60. Ke1 $19) 59. Rc7 Ne4 60. Ke1 Nxg3 61. Rxc5 Ra1+ {[%emt 0:00:05] Weighted Error Value: White=0.70/Black=0.27 (precise)} 0-1

[Event "31st Kavala Open-A 2022"]
[Site "Kavala"]
[Date "2022.07.29"]
[Round "5.1"]
[White "Halkias, Stelios"]
[Black "Kilic, Eray"]
[Result "1/2-1/2"]
[ECO "E06"]
[WhiteElo "2512"]
[BlackElo "2422"]
[Annotator "TA"]
[PlyCount "36"]
[EventDate "2022.07.27"]
[EventType "swiss"]
[EventCountry "GRE"]
[SourceTitle "playchess.com"]
[Source "ChessBase"]
[SourceQuality "1"]
[TimeControl "40/5400+30:1800+30"]

1. Nf3 Nf6 2. c4 e6 3. g3 Be7 4. Bg2 d5 5. d4 O-O 6. O-O c6 7. Nbd2 b6 8. Qc2 c5 {[%emt 0:00:28] E06: Closed Catalan: Early deviations.} 9. b3 Nc6 10. Bb2 Bb7 (10... Nxd4 {looks sharper.} 11. Nxd4 cxd4 12. cxd5 Nxd5 13. Bxd4 Ba6) 11. Rad1 cxd4 {[%emt 0:00:39] The position is equal.} 12. Nxd4 Nxd4 13. Bxd4 Qc7 {[%emt 0:00:13] [#]} 14. Qc3 $146 ({Predecessor:} 14. Qb2 dxc4 15. Be5 Qc8 16. Bxb7 Qxb7 17. Nxc4 Rfd8 18. Ne3 Ne8 19. Ng4 {0-1 (33) Valentine,T (1591)-Ghose,R (1840) Southend on Sea 2022}) 14... Rfd8 15. Be5 Qc8 16. Rc1 dxc4 17. Nxc4 Bxg2 18. Kxg2 Qb7+ {[%emt 0:06:53] An even fight not without its subleties.  Weighted Error Value: White=0.11 (very precise) /Black=0.07 (flawless)} 1/2-1/2

[Event "31st Kavala Open-A 2022"]
[Site "Kavala"]
[Date "2022.07.29"]
[Round "5.2"]
[White "Levin, Guy"]
[Black "Kourkoulos-Arditis, Stamatis"]
[Result "0-1"]
[ECO "A49"]
[WhiteElo "2363"]
[BlackElo "2535"]
[Annotator "TA"]
[PlyCount "56"]
[EventDate "2022.07.27"]
[EventType "swiss"]
[EventCountry "GRE"]
[SourceTitle "playchess.com"]
[Source "ChessBase"]
[SourceQuality "1"]
[TimeControl "40/5400+30:1800+30"]

1. Nf3 Nf6 2. g3 g6 3. b3 Bg7 4. Bb2 d6 5. d4 b5 6. Bg2 {[%emt 0:01:35][%cal Of3e5] A49: 1 d4 Nf6 2 Nf3 g6 3 g3: Anti-King's Indian systems.} Bb7 7. O-O O-O 8. c4 {[%emt 0:02:17] The position is equal.} bxc4 9. bxc4 Nbd7 10. Nbd2 Ne4 11. Nb3 c5 {[%emt 0:17:50] [#]} 12. Ng5 $146 ({Predecessor:} 12. Qc2 cxd4 13. Nbxd4 Nec5 14. Ng5 Bxg2 15. Kxg2 e5 16. Nc6 Qxg5 17. h4 Qg4 18. f3 {0-1 (30) Kossobudzki,R (2031)-Putlak,W (2000) Katowice 2021}) 12... Nxg5 13. Bxb7 Rb8 14. Bd5 Nb6 15. dxc5 (15. Rc1 $11 {keeps the balance.}) 15... Bxb2 $17 16. cxb6 Bxa1 (16... axb6 17. Rb1 Bg7 18. Nd4 $11) 17. bxa7 Ra8 {[%emt 0:00:03][%cal Oa1f6] White must now prevent ...Bf6!} ({But not} 17... Nh3+ 18. Kg2 Ra8 19. Qxa1 $16 (19. Bxa8 Qxa8+ 20. Kxh3 Bf6 $11)) 18. Bxa8 ({Better is} 18. Qxa1 Rxa7 19. Nd4) 18... Qxa8 19. h4 Nh3+ 20. Kh2 {[%emt 0:00:12] [#]} Nxf2 $1 21. Rxf2 Qxa7 22. Rg2 (22. e3 $17 Be5 23. Nd4) 22... Be5 $19 23. e4 Qe3 {[%emt 0:01:22] Inhibits c5.} 24. Nd2 Rb8 25. Qf3 Qd4 26. Rf2 f6 {[%emt 0:01:00] And now ...Rb2 would win. Active counter play!} 27. Re2 $2 (27. Rg2) 27... Rb2 $1 28. Nf1 Qd1 {[%emt 0:00:30] Weighted Error Value: White=0.65/Black=0.01 (flawless)} 0-1

[Event "31st Kavala Open-A 2022"]
[Site "Kavala"]
[Date "2022.07.29"]
[Round "5.3"]
[White "Schroeder, Jan-Christian"]
[Black "Yilmazyerli, Mert"]
[Result "1/2-1/2"]
[ECO "B36"]
[WhiteElo "2563"]
[BlackElo "2520"]
[Annotator "TA"]
[PlyCount "46"]
[EventDate "2022.07.27"]
[EventType "swiss"]
[EventCountry "GRE"]
[SourceTitle "playchess.com"]
[Source "ChessBase"]
[SourceQuality "1"]
[TimeControl "40/5400+30:1800+30"]

1. e4 c5 2. Nf3 Nc6 3. d4 cxd4 4. Nxd4 g6 5. c4 Nf6 6. Nc3 d6 7. f3 Nxd4 8. Qxd4 Bg7 9. Be3 O-O 10. Qd2 Be6 11. Rc1 Qa5 12. b3 {[%emt 0:04:36] B36: Sicilian: Maroczy Bind: Gurgenidze System.} Rfc8 13. Nb5 Qxd2+ 14. Kxd2 {[%emt 0:00:04] The position is equal.} Nd7 15. Be2 a5 16. Nd4 Nc5 17. g4 {[%emt 0:02:19] [#]} h6 $146 ({Predecessor:} 17... Bd7 18. Nc2 Ne6 19. f4 Bc6 20. Bf3 Nc5 21. Bxc5 dxc5 22. a4 e5 23. fxe5 Bxe5 {0-1 (78) Thybo,J (2496)-Ruiz Castillo,J (2415) Riga 2018}) 18. h4 Bd7 19. Rhg1 Kh7 20. Rgd1 Be5 21. Rb1 (21. h5 $142) 21... a4 $11 22. b4 Ne6 23. Ke1 (23. Nxe6 $11 Bxe6 24. f4) 23... a3 {[%emt 0:03:58] Weighted Error Value: White=0.12 (very precise) /Black=0.02 (flawless)} (23... Bg3+ $15 {was preferrable.} 24. Bf2 Bf4) 1/2-1/2

[Event "31st Kavala Open-A 2022"]
[Site "Kavala"]
[Date "2022.07.29"]
[Round "5.4"]
[White "Gagare, Shardul"]
[Black "Kanakaris, Georgios"]
[Result "1/2-1/2"]
[ECO "A15"]
[WhiteElo "2514"]
[BlackElo "2389"]
[Annotator "TA"]
[PlyCount "64"]
[EventDate "2022.07.27"]
[EventType "swiss"]
[EventCountry "GRE"]
[SourceTitle "playchess.com"]
[Source "ChessBase"]
[SourceQuality "1"]
[TimeControl "40/5400+30:1800+30"]

1. Nf3 Nf6 2. c4 g6 3. g3 Bg7 4. Bg2 O-O 5. O-O d5 6. cxd5 Qxd5 {[%emt 0:00:58] [#]} 7. d3 $146 {[%emt 0:04:13] A15: English Opening: 1...Nf6.} (7. d4 $14 {was preferrable.}) ({Predecessor:} 7. Nc3 Qh5 8. d3 Bh3 9. Ng5 Bxg2 10. Kxg2 h6 11. Nf3 Nc6 12. Qb3 Rab8 13. Bf4 e5 14. Be3 Qf5 {1-0 (34) Adly,A (2602)-Ezat,M (2418) Chess.com INT 2021}) 7... Qh5 $11 8. Bg5 h6 9. Bxf6 exf6 10. Qc1 c6 11. Nbd2 Na6 12. Ne4 Qd5 13. Nc3 Qd6 14. d4 f5 15. Rd1 Be6 16. Qf4 Rad8 17. Qxd6 Rxd6 18. e3 Rfd8 19. Rdc1 R6d7 20. Na4 {[%emt 0:02:01] Against c5} Rd5 ({Better is} 20... g5 $11) 21. a3 (21. b4 $5) 21... Ra5 22. Nc3 {[%emt 0:00:08] [#] Hoping for b4.} c5 {[%emt 0:00:06] Against b4} 23. Ne2 Rb5 24. Rc2 Rb6 25. dxc5 ({White should play} 25. Rd2 $11 Rbd6 26. b4) 25... Rxb2 $15 26. Rxb2 Bxb2 27. Rb1 Bxa3 {[%emt 0:00:58] A strong pair of Bishops.} 28. Ned4 Bxc5 {[%emt 0:07:39] Strongly threatening ...Bd5.} ({Don't take} 28... Nxc5 29. Nb5 $14) (28... Ba2 $5 29. Rxb7 Bxc5 $17) 29. Nxe6 fxe6 30. Rxb7 Nb4 31. Ne5 Rd1+ 32. Bf1 g5 {[%emt 0:00:16] Weighted Error Value: White=0.15 (very precise) /Black=0.15 (very precise)} 1/2-1/2

[Event "31st Kavala Open-A 2022"]
[Site "Kavala"]
[Date "2022.07.29"]
[Round "5.5"]
[White "Ladopoulos, Dimitrios"]
[Black "Beerdsen, Thomas"]
[Result "1/2-1/2"]
[ECO "A06"]
[WhiteElo "2335"]
[BlackElo "2500"]
[Annotator "TA"]
[PlyCount "40"]
[EventDate "2022.07.27"]
[EventType "swiss"]
[EventCountry "GRE"]
[SourceTitle "playchess.com"]
[Source "ChessBase"]
[SourceQuality "1"]
[TimeControl "40/5400+30:1800+30"]

1. Nf3 c5 2. b3 d5 3. e3 a6 4. Bb2 Nc6 5. d4 cxd4 6. Nxd4 {[%emt 0:01:23] A06: Réti Opening: 1 Nf3 d5.} Nf6 7. Nd2 Nxd4 8. Bxd4 Qc7 9. c4 e5 10. Bb2 {[%emt 0:02:58] [#]} dxc4 $146 ({Predecessor:} 10... d4 11. exd4 exd4 12. Bxd4 Be6 13. Be2 O-O-O 14. Bc3 Bc5 15. Qc2 Qf4 16. O-O Bf5 {0-1 (27) Moussard,J (2651)-Salem,A (2690) Chess.com INT 2022}) 11. Bxc4 b5 12. Be2 Bb7 13. Rc1 Qa5 {[%emt 0:13:58] White must now prevent ...Rd8.} 14. Bxe5 {[%emt 0:11:20] Hoping for Bf3.} Bb4 $1 15. a3 $36 {[%emt 0:11:17][%mdl 2048] White has good play.} (15. Bf3 $5 Bxf3 16. gxf3 $14) 15... Bxa3 16. Rc7 (16. Rc2 $5 ) 16... Ne4 17. Rxb7 $16 Nxd2 {[%emt 0:01:35] [#]} 18. Bc7 {[%emt 0:03:22] This bishop pair is nice.} ({Wrong is} 18. Qxd2 $2 Bb4 19. Re7+ (19. Bxb5+ $2 axb5 20. Ke2 Bxd2 $19) 19... Kf8 $19) ({Don't blunder} 18. Bxg7 $2 O-O-O 19. Rd7 (19. b4 $2 Nf3+ 20. gxf3 Qxb4+ 21. Kf1 Rxd1+ 22. Bxd1 Rg8 $19) 19... Nf3+ 20. Kf1 Rxd7 $19) ({White should try} 18. Bh5 $1 $16 g6 {[#]} 19. Ke2 $1 (19. Bxh8 O-O-O $11) (19. Qxd2 $2 Bb4 $19)) 18... Nf3+ $1 $11 {[%emt 0:00:13] The position is equal.} 19. Kf1 Nd2+ 20. Ke1 Nf3+ $1 {[%emt 0:00:14] Weighted Error Value: White=0.15 (very precise) /Black=0.14 (very precise)} 1/2-1/2